 Dungeon Crawl Stone Soup version 0.19-a0-1008-g4c63d25 (webtiles) character file.

133 epen the Firebug (level 4, -2/25 HPs)
             Began as a Deep Elf Fire Elementalist on July 22, 2016.
             Slain by a giant gecko (4 damage)
             ... on level 3 of the Dungeon.
             The game lasted 00:07:27 (3309 turns).

epen the Firebug (Deep Elf Fire Elementalist)       Turns: 3309, Time: 00:07:27

Health: -2/25      AC:  3    Str:  7 (10) XL:     4   Next: 93%
Magic:  6/11       EV: 13    Int: 23 (26) God:
Gold:   94         SH:  0    Dex: 13 (15) Spells: 3 memorised, 3 levels left

rFire  . . .     SeeInvis .     g - +0 dagger
rCold  . . .     Gourm    +     a - +0 robe
rNeg   . . .     Faith    .     (no shield)
rPois  .         Spirit   .     (no helmet)
rElec  .         Dismiss  .     e - +0 cloak
rCorr  .         Reflect  .     (no gloves)
SustAt .         Harm     .     (no boots)
MR     .....                    u - amulet of the gourmand
Stlth  ++........               (no ring)
                                (no ring)

@: mighty, brilliant, lethally poisoned (-2 -> -5), flying, not resistant to
hostile enchantments, unstealthy
A: no striking features
a: no special abilities


You were on level 3 of the Dungeon.
You were not hungry.

You visited 1 branch of the dungeon, and saw 3 of its levels.

You collected 94 gold pieces.

Inventory:

Hand Weapons
 g - a +0 dagger (weapon)
 w - a +2 dagger of venom
Armour
 a - a +0 robe (worn)
 e - a +0 cloak (worn)
Jewellery
 q - an uncursed amulet of guardian spirit
 u - an amulet of the gourmand (around neck)
Scrolls
 d - a scroll of enchant armour {unknown}
 i - a scroll of recharging {unknown}
 j - a scroll of teleportation {unknown}
 m - a scroll of fear {unknown}
 n - 3 scrolls of remove curse {unknown}
 s - 2 scrolls of identify {unknown}
 t - 2 scrolls of blinking {unknown}
Potions
 p - a potion of mutation
Books
 b - a book of Flames

   Spells                             Type                      Level
   a - Flame Tongue                   Conjuration/Fire             1
   b - Throw Flame                    Conjuration/Fire             2
   c - Conjure Flame                  Conjuration/Fire             3
   d - Inner Flame                    Hexes/Fire                   3
   e - Sticky Flame                   Conjuration/Fire             4
   f - Fireball                       Conjuration/Fire             5
Comestibles
 c - a bread ration
 f - a beef jerky
 o - a meat ration


   Skills:
 + Level 1.3 Fighting
 + Level 3.6 Dodging
 - Level 2.4 Stealth
 + Level 3.3 Spellcasting
 * Level 2.9 Conjurations
 * Level 4.1 Fire Magic


You had 3 spell levels left.
You knew the following spells:

 Your Spells              Type           Power        Failure   Level  Hunger
a - Flame Tongue          Conj/Fire      ####.        1%          1    None
b - Throw Flame           Conj/Fire      ####..       1%          2    ##.....
c - Conjure Flame         Conj/Fire      ####....     1%          3    ###....


Dungeon Overview and Level Annotations

Branches:
Dungeon (3/15)

Altars:


Message History

You are alive.
You are mighty.
You are brilliant.
You are lethally poisoned (6 -> -1).
You are flying.
Your flying speed is average.
Your attack speed is average.
Your base attributes are Str 5, Int 21, Dex 15.
You are not resistant to hostile enchantments.
You are unstealthy.
You puncture the hobgoblin!
You kill the hobgoblin!
You closely miss the giant gecko.
* * * LOW HITPOINT WARNING * * *
You feel sick. The giant gecko closely misses you.
* * * LOW HITPOINT WARNING * * *
You feel sick. The giant gecko closely misses you.
* * * LOW HITPOINT WARNING * * *
You feel sick.
* * * LOW HITPOINT WARNING * * *
You feel sick. The giant gecko closely misses you.
* * * LOW HITPOINT WARNING * * *
You feel sick. The giant gecko bites you.
You die...

#......#.####.#..####
#..........))....######
#.###....####÷#........
#####........#
#......####
#.....###.#..####.#..#.#
#....Ko.o...<.....#..#.#
#.....###.##...##.#..#.#
#.....# #l##......#.....
#.....# #.@....#####.#).
#.....# ######....
...... #.†o..# #.###
..#.## ##.#+## #.. #o#
#!.. #.# #.# #o# #o#


You could see an orc wizard and a giant gecko.

Vanquished Creatures
  4 gnolls (D:2)
  2 adders (D:2)
  An adder skeleton (D:3)
  2 worms
  A dart slug (D:1)
  A giant gecko (D:1)
  4 orcs (D:3)
  3 giant cockroaches
  5 goblins
  5 hobgoblins
  4 jackals (D:3)
  4 ball pythons
  6 bats
  A giant newt (D:1)
  6 kobolds
  14 rats
63 creatures vanquished.

Notes
Turn   | Place    | Note
-------+----------+-------------------------------------------
     0 | D:1      | epen the Deep Elf Fire Elementalist began the quest for the Orb.
     0 | D:1      | Reached XP level 1. HP: 10/10 MP: 6/6
   179 | D:1      | Reached XP level 2. HP: 15/15 MP: 5/8
   186 | D:1      | Learned a level 2 spell: Throw Flame
  1125 | D:2      | Reached XP level 3. HP: 20/20 MP: 9/9
  1159 | D:2      | Learned a level 3 spell: Conjure Flame
  1575 | D:2      | Reached skill level 1 in Fighting
  1918 | D:2      | Reached XP level 4. HP: 25/25 MP: 2/10
  2156 | D:2      | Reached skill level 4 in Fire Magic
  3217 | D:3      | Noticed a sky beast
  3291 | D:3      | Gained mutation: Your movements are slightly less encumbered by armour. (ER -2) [potion of mutation]
  3291 | D:3      | Gained mutation: You are frail. (-10% HP) [potion of mutation]
  3291 | D:3      | Gained mutation: You are agile. (Dex +2) [potion of mutation]
  3292 | D:3      | Lost mutation: You are frail. (-10% HP) [potion of cure mutation]
  3292 | D:3      | Lost mutation: You are agile. (Dex +2) [potion of cure mutation]
  3292 | D:3      | Lost mutation: Your movements are slightly less encumbered by armour. (ER -2) [potion of cure mutation]
  3309 | D:3      | Slain by a giant gecko

Vault maps used:
D:1:      ncdulo_wetmaze, serial_forest, infiniplex_forest_3_way,
          infiniplex_forest_lined_4_way, infiniplex_forest_lined_3_way,
          infiniplex_forest_fountain, infiniplex_forest_clump_C,
          infiniplex_forest_join, serial_bayou_pond_a
D:2:      kennysheep_big_flooded_room, serial_co_window_serial,
          co_window_paths_a, co_window_corner_a, co_window_paths_a,
          co_window_corner_a, co_window_corner_a, co_window_of_opportunity_a,
          co_window_corner_a, co_window_corner_b, co_window_2corner,
          co_window_corner_b, glass_columns_b
D:3:      nicolae_ashenzari_panopticon

Skill      XL: |  1  2  3  4 |
---------------+-------------+-----
Dodging        | 3 |  3.6
Conjurations   | 2 |  2.9
Fighting       | 1 |  1.3
Fire Magic     | 4 |  4.1
Stealth        | |  2.4
Spellcasting   | |  3.3

Action                   |  1- 3 |  4- 6 || total
-------------------------+-------+-------++-------
Melee: Unarmed           |    13 |       ||    13
       Dagger            |   115 |    69 ||   184
 Cast: Flame Tongue      |    57 |    29 ||    86
       Throw Flame       |     2 |     5 ||     7
       Conjure Flame     |     4 |     2 ||     6
  Use: Potion            |       |     6 ||     6
 Stab: Sleeping          |     2 |     1 ||     3
       Distracted        |       |     1 ||     1
  Eat: Meat ration       |     1 |       ||     1
       Chunk             |       |    10 ||    10
Armor: Robe              |    43 |    17 ||    60
Dodge: Dodged            |   143 |    79 ||   222
